WCHLSIM.com - West Coast Hockey League
html PUBLIC "-//W3C//DTD XHTML 1.0 Transitional//EN" "http://www.w3.org/TR/xhtml1/DTD/xhtml1-transitional.dtd"> WCHL - Game 180 - BANFF WOLVES vs ANCHORAGE ACES

BANFF WOLVES vs ANCHORAGE ACES

Created - 29 octobre 2019 at 19:31

Goals
1 2 3 T
BANFF WOLVES 1 0 2 3
ANCHORAGE ACES 2 2 2 6
Shots
1 2 3 T
BANFF WOLVES 4 10 10 24
ANCHORAGE ACES 18 13 9 40

1st period

1. ANCHORAGE ACES , Cal Clutterbuck 1 (Nathan MacKinnon 9, Chris Kreider 4) at 7:28 (PP)
2. ANCHORAGE ACES , Tyler Bozak 4 (Joonas Donskoi 5, Ben Chiarot 2) at 10:02
3. BANFF WOLVES , Tyler Toffoli 2 (Miles Wood 2, Taylor Fedun 1) at 10:56

Penalties :
Josh Teves (BAN) for Slashing (Double Minor) at 7:02

2nd period

4. ANCHORAGE ACES , Leon Draisaitl 6 (Jakob Silfverberg 4, Niklas Hjalmarsson 2) at 3:37
5. ANCHORAGE ACES , Leon Draisaitl 7 (Chris Kreider 5, Deryk Engelland 2) at 14:47

Penalties :
John Hayden (BAN) for Roughing (Minor) at 6:28

3rd period

6. BANFF WOLVES , Jack Eichel 4 (Mark Letestu 2) at 4:06
7. ANCHORAGE ACES , Nathan MacKinnon 6 (Jacob Trouba 7, Chris Kreider 6) at 5:29 (PP)
8. BANFF WOLVES , Tyler Toffoli 3 (Nikita Zaitsev 2, Josh Archibald 5) at 8:02 (PP)
9. ANCHORAGE ACES , Tyler Bozak 5 (Joonas Donskoi 6, Niklas Hjalmarsson 3) at 14:19

Penalties :
Alex Biega (BAN) for Tripping (Minor) at 5:03, Darnell Nurse (ANC) for Cross-checking (Minor) at 6:44, Ben Chiarot (ANC) for Tripping (Minor) at 19:42

Goalie Stats

Pavel Francouz (BAN), 34 saves from 40 shots - (0,850), L, 0-6-0, 60:00 minutes
Martin Jones (ANC), 21 saves from 24 shots - (0,875), W, 5-4-1, 60:00 minutes

Players Stats for BANFF WOLVES

Player Name              G  A  P  +/- PIM S  H  SB GA TA FO     MP     PP MP  PK MP  
------------------------------------------------------------------------------------
Alex Biega               0  0  0   0  2   0  1  5  0  0  0/0    20:38   0:41   2:32 
Craig Smith              0  0  0  -1  0   3  0  0  0  0  0/2    13:59   0:00   0:00 
Jack Eichel              1  0  1   0  0   5  0  0  0  0  2/2    12:46   0:00   0:05 
John Hayden              0  0  0   0  2   0  4  0  0  0  0/0    13:26   0:00   0:29 
Josh Archibald           0  1  1   0  0   2  2  1  0  0  2/17   13:26   0:28   0:00 
Josh Teves               0  0  0  -1  4   0  4  0  0  0  0/0    18:25   0:54   1:23 
Kevan Miller             0  0  0  -1  0   1  3  2  0  0  0/0    20:51   0:24   0:27 
Mark Jankowski           0  0  0  -1  0   2  0  2  0  0  9/19   17:39   1:07   2:33 
Mark Letestu             0  1  1   0  0   2  0  0  0  0  10/16  12:41   0:00   0:00 
Markus Granlund          0  0  0  -1  0   1  1  2  0  0  3/4    17:50   1:07   2:44 
Max McCormick            0  0  0  -1  0   0  3  0  0  0  5/15   13:57   0:00   0:00 
Miles Wood               0  1  1  -1  0   2  2  0  0  0  0/0    14:25   0:28   0:00 
Nikita Zaitsev           0  1  1  -1  0   0  1  3  0  0  0/0    23:40   0:54   2:46 
Riley Stillman           0  0  0  -1  0   0  0  0  0  0  0/0    16:50   0:00   0:41 
Tanner Kero              0  0  0   0  0   2  0  0  0  0  0/1    12:41   0:00   0:00 
Taylor Fedun             0  1  1   0  0   0  0  0  0  0  0/0    19:34   0:17   1:51 
Tyler Ennis              0  0  0   0  0   1  0  1  0  0  0/1    15:53   1:07   1:48 
Tyler Toffoli            2  0  2  -1  0   3  0  0  0  0  1/2    16:26   0:28   2:01 

Players Stats for ANCHORAGE ACES

Player Name              G  A  P  +/- PIM S  H  SB GA TA FO     MP     PP MP  PK MP  
------------------------------------------------------------------------------------
Andrew Cogliano          0  0  0   0  0   0  0  0  0  0  0/0     5:43   0:00   0:00 
Ben Chiarot              0  1  1   1  2   3  0  0  0  0  0/0    19:43   2:14   0:00 
Cal Clutterbuck          1  0  1  -2  0   1  4  0  0  0  1/1    21:39   2:14   0:51 
Chris Kreider            0  3  3   2  0   2  2  0  0  0  0/0    20:32   2:14   0:00 
Connor McDavid           0  0  0  -2  0   6  0  0  0  0  2/5    21:10   2:36   0:00 
Darnell Nurse            0  0  0   0  2   1  2  0  0  0  0/0    20:07   2:36   0:00 
Deryk Engelland          0  1  1   1  0   0  3  1  0  0  0/0    18:41   0:00   0:58 
Jacob Trouba             0  1  1   0  0   1  1  0  0  0  0/0    21:13   2:14   0:37 
Jakob Silfverberg        0  1  1   2  0   2  0  0  0  0  0/0    21:38   2:36   0:44 
Joonas Donskoi           0  2  2   2  0   3  0  0  0  0  1/1    11:00   0:00   0:00 
Leon Draisaitl           2  0  2   2  0   4  2  0  0  0  18/23  20:54   2:36   0:00 
Mason Appleton           0  0  0   0  0   0  0  0  0  0  5/10    5:43   0:00   0:00 
Nate Thompson            0  0  0   2  0   2  1  0  0  0  0/0    11:44   0:00   0:44 
Nathan MacKinnon         1  1  2  -2  0   6  0  0  0  0  10/24  20:48   2:14   0:00 
Niklas Hjalmarsson       0  2  2   1  0   3  0  1  0  0  0/0    18:28   0:00   0:58 
Ryan Suter               0  0  0   1  0   0  1  0  0  0  0/0    21:46   2:36   0:37 
Tom Kuhnhackl            0  0  0   0  0   1  2  0  0  0  0/0     5:43   0:00   0:00 
Tyler Bozak              2  0  2   2  0   5  0  0  0  0  10/15  11:51   0:00   0:51 

3 Stars

1 - Leon Draisaitl (ANC)
2 - Tyler Bozak (ANC)
3 - Chris Kreider (ANC)

Power Play

BANFF WOLVES - 1 on 2 Attempt(s) - 50,00%
ANCHORAGE ACES - 2 on 4 Attempt(s) - 50,00%

Penalty Kill

BANFF WOLVES - 2 on 4 Attempt(s) - 50,00% - Score 0 goal in Penalty Kill
ANCHORAGE ACES - 1 on 2 Attempt(s) - 50,00% - Score 0 goal in Penalty Kill

Team Stat

BANFF WOLVES - Hits : 21 - Faceoff Wins : 32 - Blocked Shots : 16 - Penalty Minutes : 8
ANCHORAGE ACES - Hits : 18 - Faceoff Wins : 47 - Blocked Shots : 2 - Penalty Minutes : 4

Official

Referees : Ryan Fraser and Mike Langin
Linesman : Brent Colby and Richard Jondo

Game Notes

No Game Note

Finance

Level 1 -- Attendance: 6000 (100,00%) -- Ticket Income 810 000 $
Level 2 -- Attendance: 3796 (75,92%) -- Ticket Income 409 968 $
Level 3 -- Attendance: 1633 (81,65%) -- Ticket Income 138 805 $
Level 4 -- Attendance: 4000 (100,00%) -- Ticket Income 180 000 $
Luxury Box -- Attendance: 1000 (100,00%) -- Ticket Income 210 000 $
Game was played at the Alaska Center.
Total Attendance: 16429 (91,27%)
Total Ticket Income: 1 748 773 $
Other Income: 524 632 $
Total Income: 2 273 405 $

BANFF WOLVES

5 vs 5 Forward 
   Center                   Left Wing                Right Wing               Time % Phy DF OF 
 1 Mark Jankowski           Markus Granlund          Craig Smith              26     1   2  2  
 2 Max McCormick            Miles Wood               Tyler Toffoli            25     1   2  2  
 3 Josh Archibald           Tyler Ennis              John Hayden              25     1   2  2  
 4 Mark Letestu             Tanner Kero              Jack Eichel              24     1   2  2  

5 vs 5 Defense 
   Defense                  Defense                                           Time % Phy DF OF 
 1 Nikita Zaitsev           Kevan Miller                                      36     1   2  2  
 2 Alex Biega               Taylor Fedun                                      31     1   2  2  
 3 Josh Teves               Riley Stillman                                    23     1   2  2  
 4 Nikita Zaitsev           Kevan Miller                                      10     1   2  2  

PowerPlay Forward 
   Center                   Left Wing                Right Wing               Time % Phy DF OF 
 1 Mark Jankowski           Markus Granlund          Tyler Ennis              55     1   2  2  
 2 Josh Archibald           Miles Wood               Tyler Toffoli            45     1   2  2  

PowerPlay Defense
   Defense                  Defense                                           Time % Phy DF OF 
 1 Nikita Zaitsev           Josh Teves                                        55     1   2  2  
 2 Alex Biega               Taylor Fedun                                      45     1   2  2  

Penalty Kill 4 Players Forward 
   Center                   Wing                     Time % Phy DF OF 
 1 Markus Granlund          Mark Jankowski           55     1   2  2  
 2 Tyler Toffoli            Tyler Ennis              45     1   2  2  

Penalty Kill 4 Players Defense
   Defense                  Defense                  Time % Phy DF OF 
 1 Josh Teves               Nikita Zaitsev           55     1   2  2  
 2 Alex Biega               Taylor Fedun             45     1   2  2  

Penalty Kill - 3 Players Forward 
   Forward                                           Time % Phy DF OF 
 1 Tyler Toffoli                                     55     1   2  2  
 2 Markus Granlund                                   45     1   2  2  

Penalty Kill - 3 Players Defense
   Defense                  Defense                  Time % Phy DF OF 
 1 Riley Stillman           Kevan Miller             55     1   2  2  
 2 Alex Biega               Taylor Fedun             45     1   2  2  

4 vs 4 Forward 
   Center                   Wing                     Time % Phy DF OF 
 1 Markus Granlund          Josh Archibald           55     1   2  2  
 2 Tyler Toffoli            Max McCormick            45     1   2  2  

4 vs 4 Defense
   Defense                  Defense                  Time % Phy DF OF 
 1 Josh Teves               Nikita Zaitsev           55     1   2  2  
 2 Alex Biega               Taylor Fedun             45     1   2  2  

Last Minutes Offensive
   Center                   Left Wing                Right Wing               Defense                  Defense                  
   Mark Jankowski           Markus Granlund          Craig Smith              Nikita Zaitsev           Kevan Miller             

Last Minutes Defensive
   Center                   Left Wing                Right Wing               Defense                  Defense                  
   Mark Jankowski           Markus Granlund          Craig Smith              Nikita Zaitsev           Kevan Miller             

Goaltenders
Starting : Pavel Francouz           
Backup : Mikko Koskinen           

Extra Forwards
Normal : Max McCormick, Josh Archibald, Tyler Ennis - PP : Max McCormick, Josh Archibald - PK : Tyler Ennis
Extra Defensemen
Normal : Josh Teves, Riley Stillman, Alex Biega - PP : Josh Teves - PK : Riley Stillman, Alex Biega
Penalty Shots
Mark Jankowski, Max McCormick, Tyler Toffoli, Josh Archibald, Markus Granlund
Custom OT Lines Forwards
Mark Jankowski, Craig Smith, Tyler Toffoli, Max McCormick, Markus Granlund, Josh Archibald, Miles Wood, Tyler Ennis, Mark Letestu, Tanner Kero
Custom OT Lines Defensemen
Riley Stillman, Nikita Zaitsev, Alex Biega, Taylor Fedun, Josh Teves

Scratches
Miro Heiskanen (Healthy), Devante Smith-Pelly (Healthy), Gemel Smith (Healthy), James de Haas (Healthy), Michael Stone (Left Hip Injury)

ANCHORAGE ACES

5 vs 5 Forward 
   Center                   Left Wing                Right Wing               Time % Phy DF OF 
 1 Nathan MacKinnon         Connor McDavid           Cal Clutterbuck          35     0   1  4  
 2 Leon Draisaitl           Chris Kreider            Jakob Silfverberg        35     0   2  3  
 3 Tyler Bozak              Nate Thompson            Joonas Donskoi           20     1   2  2  
 4 Mason Appleton           Andrew Cogliano          Tom Kuhnhackl            10     1   2  2  

5 vs 5 Defense 
   Defense                  Defense                                           Time % Phy DF OF 
 1 Jacob Trouba             Darnell Nurse                                     33     1   2  2  
 2 Ryan Suter               Deryk Engelland                                   33     1   2  2  
 3 Niklas Hjalmarsson       Ben Chiarot                                       33     1   2  2  
 4 Ryan Suter               Jacob Trouba                                      1      1   2  2  

PowerPlay Forward 
   Center                   Left Wing                Right Wing               Time % Phy DF OF 
 1 Connor McDavid           Leon Draisaitl           Jakob Silfverberg        55     0   1  4  
 2 Nathan MacKinnon         Chris Kreider            Cal Clutterbuck          45     0   1  4  

PowerPlay Defense
   Defense                  Defense                                           Time % Phy DF OF 
 1 Ryan Suter               Darnell Nurse                                     55     1   2  2  
 2 Jacob Trouba             Ben Chiarot                                       45     1   2  2  

Penalty Kill 4 Players Forward 
   Center                   Wing                     Time % Phy DF OF 
 1 Tyler Bozak              Cal Clutterbuck          55     1   2  2  
 2 Nate Thompson            Jakob Silfverberg        45     1   2  2  

Penalty Kill 4 Players Defense
   Defense                  Defense                  Time % Phy DF OF 
 1 Niklas Hjalmarsson       Deryk Engelland          55     1   3  1  
 2 Ryan Suter               Jacob Trouba             45     1   3  1  

Penalty Kill - 3 Players Forward 
   Forward                                           Time % Phy DF OF 
 1 Tyler Bozak                                       55     0   5  0  
 2 Nate Thompson                                     45     0   5  0  

Penalty Kill - 3 Players Defense
   Defense                  Defense                  Time % Phy DF OF 
 1 Deryk Engelland          Niklas Hjalmarsson       55     1   4  0  
 2 Darnell Nurse            Ryan Suter               45     1   4  0  

4 vs 4 Forward 
   Center                   Wing                     Time % Phy DF OF 
 1 Nathan MacKinnon         Connor McDavid           55     1   2  2  
 2 Leon Draisaitl           Chris Kreider            45     1   2  2  

4 vs 4 Defense
   Defense                  Defense                  Time % Phy DF OF 
 1 Ryan Suter               Jacob Trouba             55     1   2  2  
 2 Darnell Nurse            Niklas Hjalmarsson       45     1   2  2  

Last Minutes Offensive
   Center                   Left Wing                Right Wing               Defense                  Defense                  
   Nathan MacKinnon         Leon Draisaitl           Connor McDavid           Ryan Suter               Jacob Trouba             

Last Minutes Defensive
   Center                   Left Wing                Right Wing               Defense                  Defense                  
   Nathan MacKinnon         Leon Draisaitl           Jakob Silfverberg        Ryan Suter               Jacob Trouba             

Goaltenders
Starting : Martin Jones             
Backup : James Reimer             

Extra Forwards
Normal : Tyler Bozak, Nathan MacKinnon, Cal Clutterbuck - PP : Nathan MacKinnon, Nate Thompson - PK : Cal Clutterbuck
Extra Defensemen
Normal : Deryk Engelland, Ben Chiarot, Darnell Nurse - PP : Deryk Engelland - PK : Ben Chiarot, Darnell Nurse
Penalty Shots
Nate Thompson, Connor McDavid, Leon Draisaitl, Chris Kreider, Jakob Silfverberg
Custom OT Lines Forwards
Nathan MacKinnon, Connor McDavid, Leon Draisaitl, Chris Kreider, Jakob Silfverberg, Tyler Bozak, Joonas Donskoi, Nate Thompson, Cal Clutterbuck, Andrew Cogliano
Custom OT Lines Defensemen
Ryan Suter, Jacob Trouba, Darnell Nurse, Niklas Hjalmarsson, Deryk Engelland

Scratches
Braden Christoffer (Healthy), Sebastien Aho (Healthy), Brendan Woods (Healthy), Christian Folin (Healthy), Frank Hora (Healthy)
Jonathan Racine (Healthy), Reid Gardiner (Healthy)

% Time on Ice - BANFF WOLVES

Lines # - Real PCT - Wanted PCT - Time Play
Normal Forward
1 - 26% - 26% - 13:59
2 - 26% - 25% - 13:57
3 - 24% - 25% - 12:58
4 - 24% - 24% - 12:41
Normal Defense
1 - 31% - 36% - 16:40
2 - 33% - 31% - 17:26
3 - 30% - 23% - 16:09
4 - 6% - 10% - 3:20
PP Forward
1 - 71% - 55% - 1:07
2 - 29% - 45% - 0:28
PP Defense
1 - 57% - 55% - 0:54
2 - 43% - 45% - 0:41
PK Forward
1 - 58% - 55% - 2:49
2 - 42% - 45% - 2:01
PK Defense
1 - 62% - 55% - 2:59
2 - 38% - 45% - 1:51
PK3 Forward
1 - 0% - 55%
2 - 0% - 45%
PK3 Defense
1 - 0% - 55%
2 - 0% - 45%
44 Forward
1 - 0% - 55%
2 - 0% - 45%
44 Defense
1 - 0% - 55%
2 - 0% - 45%
Last Minute Offensive  - 0:00
Last Minute Defensive  - 0:00
Total
Forward - 60:00
Defense - 60:00

% Time on Ice - ANCHORAGE ACES

Lines # - Real PCT - Wanted PCT - Time Play
Normal Forward
1 - 35% - 35% - 18:34
2 - 34% - 35% - 18:18
3 - 21% - 20% - 11:00
4 - 11% - 10% - 5:43
Normal Defense
1 - 33% - 33% - 17:32
2 - 33% - 33% - 17:43
3 - 33% - 33% - 17:30
4 - 2% - 1% - 0:50
PP Forward
1 - 54% - 55% - 2:36
2 - 46% - 45% - 2:14
PP Defense
1 - 54% - 55% - 2:36
2 - 46% - 45% - 2:14
PK Forward
1 - 54% - 55% - 0:51
2 - 46% - 45% - 0:44
PK Defense
1 - 61% - 55% - 0:58
2 - 39% - 45% - 0:37
PK3 Forward
1 - 0% - 55%
2 - 0% - 45%
PK3 Defense
1 - 0% - 55%
2 - 0% - 45%
44 Forward
1 - 0% - 55%
2 - 0% - 45%
44 Defense
1 - 0% - 55%
2 - 0% - 45%
Last Minute Offensive  - 0:00
Last Minute Defensive  - 0:00
Total
Forward - 60:00
Defense - 60:00

Play-by-Play

1st period


0:01 of 1st period - Mark Jankowski wins face-off versus Nathan MacKinnon in neutral zone.
0:06 of 1st period - Shot by Craig Smith.
0:06 of 1st period - Shot Misses the Net.
0:30 of 1st period - Shot by Connor McDavid.
0:30 of 1st period - Shot Misses the Net.
1:32 of 1st period - Deryk Engelland is hit by Max McCormick and loses puck.
2:13 of 1st period - Shot by Nate Thompson.
2:13 of 1st period - Stopped by Pavel Francouz with a rebound.
2:15 of 1st period - Shot by Nate Thompson.
2:15 of 1st period - Stopped by Pavel Francouz with a rebound.
3:32 of 1st period - Shot by Connor McDavid.
3:32 of 1st period - Stopped by Pavel Francouz without a rebound.
3:33 of 1st period - Leon Draisaitl wins face-off versus Josh Archibald in BANFF WOLVES zone.
3:38 of 1st period - Shot by Leon Draisaitl.
3:38 of 1st period - Deflect By Jakob Silfverberg.
3:38 of 1st period - Shot Hit the Post.
3:43 of 1st period - Icing by Riley Stillman.
3:44 of 1st period - Josh Archibald wins face-off versus Nathan MacKinnon in BANFF WOLVES zone.
4:14 of 1st period - Shot by Nathan MacKinnon.
4:14 of 1st period - Shot Blocked by Josh Archibald.
4:16 of 1st period - Shot by Connor McDavid.
4:16 of 1st period - Stopped by Pavel Francouz without a rebound.
4:17 of 1st period - Leon Draisaitl wins face-off versus Mark Letestu in BANFF WOLVES zone.
4:36 of 1st period - Shot by Tanner Kero.
4:36 of 1st period - Stopped by Martin Jones without a rebound.
4:37 of 1st period - Mark Jankowski wins face-off versus Tyler Bozak in ANCHORAGE ACES zone.
5:34 of 1st period - Kevan Miller is hit by Chris Kreider and loses puck.
5:57 of 1st period - Shot by Jakob Silfverberg.
5:57 of 1st period - Stopped by Pavel Francouz without a rebound.
5:58 of 1st period - Mark Letestu wins face-off versus Nathan MacKinnon in BANFF WOLVES zone.
6:15 of 1st period - Shot by Mark Letestu.
6:15 of 1st period - Deflect By Jack Eichel.
6:15 of 1st period - Shot Misses the Net.
6:17 of 1st period - Shot by Jack Eichel.
6:17 of 1st period - Stopped by Martin Jones without a rebound.
6:18 of 1st period - Leon Draisaitl wins face-off versus Josh Archibald in ANCHORAGE ACES zone.
6:18 of 1st period - Leon Draisaitl is hit by John Hayden.
6:23 of 1st period - Ryan Suter is hit by Josh Teves.
6:48 of 1st period - Leon Draisaitl is hit by Josh Teves and loses puck.
7:02 of 1st period - Double Minor Penalty to Josh Teves for Slashing.
7:03 of 1st period - Markus Granlund wins face-off versus Nathan MacKinnon in BANFF WOLVES zone.
7:28 of 1st period - Shot by Cal Clutterbuck.
7:28 of 1st period - Goal by Cal Clutterbuck - BANFF WOLVES : 0 - ANCHORAGE ACES : 1.
7:29 of 1st period - Tyler Toffoli wins face-off versus Connor McDavid in neutral zone.
7:56 of 1st period - Icing by Leon Draisaitl.
7:57 of 1st period - Connor McDavid wins face-off versus Tyler Toffoli in ANCHORAGE ACES zone.
8:38 of 1st period - Shot by Ben Chiarot.
8:38 of 1st period - Shot Blocked by Alex Biega.
8:40 of 1st period - Shot by Jacob Trouba.
8:40 of 1st period - Deflect By Nathan MacKinnon.
8:40 of 1st period - Stopped by Pavel Francouz with a rebound.
8:42 of 1st period - Shot by Jacob Trouba.
8:42 of 1st period - Shot Blocked by Alex Biega.
8:48 of 1st period - Shot by Jacob Trouba.
8:48 of 1st period - Shot Blocked by Markus Granlund.
8:50 of 1st period - Shot by Ben Chiarot.
8:50 of 1st period - Shot Misses the Net.
8:52 of 1st period - Shot by Ben Chiarot.
8:52 of 1st period - Shot Misses the Net.
8:54 of 1st period - Shot by Jacob Trouba.
8:54 of 1st period - Shot Blocked by Markus Granlund.
8:56 of 1st period - Shot by Jacob Trouba.
8:56 of 1st period - Shot Blocked by Alex Biega.
8:58 of 1st period - Shot by Ben Chiarot.
8:58 of 1st period - Shot Blocked by Alex Biega.
9:00 of 1st period - Shot by Jacob Trouba.
9:00 of 1st period - Stopped by Pavel Francouz without a rebound.
9:01 of 1st period - Markus Granlund wins face-off versus Connor McDavid in BANFF WOLVES zone.
9:46 of 1st period - Shot by Joonas Donskoi.
9:46 of 1st period - Stopped by Pavel Francouz with a rebound.
9:48 of 1st period - Shot by Ben Chiarot.
9:48 of 1st period - Stopped by Pavel Francouz with a rebound.
10:02 of 1st period - Shot by Tyler Bozak.
10:02 of 1st period - Goal by Tyler Bozak - BANFF WOLVES : 0 - ANCHORAGE ACES : 2.
10:03 of 1st period - Max McCormick wins face-off versus Mason Appleton in neutral zone.
10:10 of 1st period - Shot by Miles Wood.
10:10 of 1st period - Stopped by Martin Jones without a rebound.
10:11 of 1st period - Nathan MacKinnon wins face-off versus Max McCormick in ANCHORAGE ACES zone.
10:11 of 1st period - Connor McDavid is hit by Miles Wood and loses puck.
10:25 of 1st period - Icing by Taylor Fedun.
10:26 of 1st period - Leon Draisaitl wins face-off versus Max McCormick in BANFF WOLVES zone.
10:34 of 1st period - Icing by Taylor Fedun.
10:35 of 1st period - Nathan MacKinnon wins face-off versus Max McCormick in BANFF WOLVES zone.
10:56 of 1st period - Shot by Tyler Toffoli.
10:56 of 1st period - Goal by Tyler Toffoli - BANFF WOLVES : 1 - ANCHORAGE ACES : 2.
10:57 of 1st period - Leon Draisaitl wins face-off versus Mark Letestu in neutral zone.
11:08 of 1st period - Shot by Jakob Silfverberg.
11:08 of 1st period - Shot Blocked by Kevan Miller.
13:03 of 1st period - Icing by Riley Stillman.
13:04 of 1st period - Tyler Bozak wins face-off versus Josh Archibald in BANFF WOLVES zone.
14:04 of 1st period - Shot by Jakob Silfverberg.
14:04 of 1st period - Shot Blocked by Tyler Ennis.
14:06 of 1st period - Shot by Niklas Hjalmarsson.
14:06 of 1st period - Stopped by Pavel Francouz with a rebound.
14:08 of 1st period - Shot by Ben Chiarot.
14:08 of 1st period - Stopped by Pavel Francouz without a rebound.
14:09 of 1st period - Mark Letestu wins face-off versus Nathan MacKinnon in BANFF WOLVES zone.
14:09 of 1st period - Mark Letestu is hit by Cal Clutterbuck.
14:12 of 1st period - Icing by Jack Eichel.
14:13 of 1st period - Connor McDavid wins face-off versus Mark Letestu in BANFF WOLVES zone.
14:14 of 1st period - Shot by Nathan MacKinnon.
14:14 of 1st period - Deflect By Connor McDavid.
14:14 of 1st period - Stopped by Pavel Francouz without a rebound.
14:15 of 1st period - Nathan MacKinnon wins face-off versus Mark Jankowski in BANFF WOLVES zone.
14:22 of 1st period - Shot by Connor McDavid.
14:22 of 1st period - Stopped by Pavel Francouz without a rebound.
14:23 of 1st period - Nathan MacKinnon wins face-off versus Mark Letestu in BANFF WOLVES zone.
15:45 of 1st period - Shot by Leon Draisaitl.
15:45 of 1st period - Shot Misses the Net.
16:45 of 1st period - Icing by Nikita Zaitsev.
16:46 of 1st period - Tyler Bozak wins face-off versus Mark Jankowski in BANFF WOLVES zone.
17:19 of 1st period - Shot by Tyler Bozak.
17:19 of 1st period - Stopped by Pavel Francouz with a rebound.
17:21 of 1st period - Shot by Joonas Donskoi.
17:21 of 1st period - Stopped by Pavel Francouz with a rebound.
17:23 of 1st period - Shot by Joonas Donskoi.
17:23 of 1st period - Stopped by Pavel Francouz without a rebound.
17:24 of 1st period - Max McCormick wins face-off versus Nathan MacKinnon in BANFF WOLVES zone.
17:32 of 1st period - Miles Wood is hit by Jacob Trouba.
17:42 of 1st period - Shot by Connor McDavid.
17:42 of 1st period - Shot Misses the Net.
18:37 of 1st period - Shot by Jack Eichel.
18:37 of 1st period - Shot Misses the Net.
18:39 of 1st period - Shot by Jack Eichel.
18:39 of 1st period - Shot Misses the Net.
18:46 of 1st period - Jack Eichel is hit by Darnell Nurse and loses puck.
19:07 of 1st period - Connor McDavid is hit by John Hayden and loses puck.
19:13 of 1st period - John Hayden is hit by Darnell Nurse.
Goals for this period are 1 for BANFF WOLVES vs 2 for ANCHORAGE ACES.
Shots for this period are 4 for BANFF WOLVES vs 18 for ANCHORAGE ACES.

2nd period


0:01 of 2nd period - Mark Letestu wins face-off versus Leon Draisaitl in neutral zone.
0:01 of 2nd period - Mark Letestu is hit by Leon Draisaitl.
0:19 of 2nd period - Shot by Jack Eichel.
0:19 of 2nd period - Stopped by Martin Jones without a rebound.
0:20 of 2nd period - Tyler Bozak wins face-off versus Max McCormick in ANCHORAGE ACES zone.
0:20 of 2nd period - Tyler Bozak is hit by Max McCormick.
0:59 of 2nd period - Icing by Ryan Suter.
1:00 of 2nd period - Tyler Bozak wins face-off versus Josh Archibald in ANCHORAGE ACES zone.
1:22 of 2nd period - Ryan Suter is hit by John Hayden and loses puck.
1:41 of 2nd period - Nate Thompson is hit by Kevan Miller and loses puck.
2:25 of 2nd period - Shot by Leon Draisaitl.
2:25 of 2nd period - Shot Misses the Net.
2:27 of 2nd period - Shot by Chris Kreider.
2:27 of 2nd period - Stopped by Pavel Francouz without a rebound.
2:28 of 2nd period - Mark Jankowski wins face-off versus Mason Appleton in BANFF WOLVES zone.
2:28 of 2nd period - Mark Jankowski is hit by Tom Kuhnhackl.
2:34 of 2nd period - Jacob Trouba is hit by Markus Granlund and loses puck.
2:38 of 2nd period - Icing by Jacob Trouba.
2:39 of 2nd period - Mason Appleton wins face-off versus Max McCormick in ANCHORAGE ACES zone.
3:16 of 2nd period - Darnell Nurse is hit by Miles Wood and loses puck.
3:37 of 2nd period - Shot by Leon Draisaitl.
3:37 of 2nd period - Goal by Leon Draisaitl - BANFF WOLVES : 1 - ANCHORAGE ACES : 3.
3:38 of 2nd period - Mark Letestu wins face-off versus Nathan MacKinnon in neutral zone.
3:48 of 2nd period - Shot by Connor McDavid.
3:48 of 2nd period - Stopped by Pavel Francouz with a rebound.
4:11 of 2nd period - Shot by Tanner Kero.
4:11 of 2nd period - Stopped by Martin Jones without a rebound.
4:12 of 2nd period - Mark Jankowski wins face-off versus Leon Draisaitl in ANCHORAGE ACES zone.
4:33 of 2nd period - Shot by Craig Smith.
4:33 of 2nd period - Stopped by Martin Jones without a rebound.
4:34 of 2nd period - Nathan MacKinnon wins face-off versus Josh Archibald in ANCHORAGE ACES zone.
4:54 of 2nd period - Connor McDavid is hit by Kevan Miller and loses puck.
5:01 of 2nd period - Shot by Connor McDavid.
5:01 of 2nd period - Stopped by Pavel Francouz without a rebound.
5:02 of 2nd period - Leon Draisaitl wins face-off versus Mark Jankowski in BANFF WOLVES zone.
5:05 of 2nd period - Shot by Chris Kreider.
5:05 of 2nd period - Shot Misses the Net.
5:07 of 2nd period - Shot by Ben Chiarot.
5:07 of 2nd period - Shot Blocked by Mark Jankowski.
5:21 of 2nd period - Shot by Chris Kreider.
5:21 of 2nd period - Shot Misses the Net.
5:39 of 2nd period - Icing by Niklas Hjalmarsson.
5:40 of 2nd period - Leon Draisaitl wins face-off versus Mark Letestu in ANCHORAGE ACES zone.
5:53 of 2nd period - Shot by Leon Draisaitl.
5:53 of 2nd period - Shot Misses the Net.
5:55 of 2nd period - Shot by Niklas Hjalmarsson.
5:55 of 2nd period - Shot Blocked by Alex Biega.
6:04 of 2nd period - Icing by Taylor Fedun.
6:05 of 2nd period - Nathan MacKinnon wins face-off versus Mark Letestu in BANFF WOLVES zone.
6:26 of 2nd period - Shot by Jack Eichel.
6:26 of 2nd period - Stopped by Martin Jones without a rebound.
6:27 of 2nd period - Mason Appleton wins face-off versus Josh Archibald in ANCHORAGE ACES zone.
6:27 of 2nd period - Mason Appleton is hit by John Hayden.
6:28 of 2nd period - Minor Penalty to John Hayden for Roughing.
6:29 of 2nd period - Markus Granlund wins face-off versus Connor McDavid in BANFF WOLVES zone.
7:01 of 2nd period - Shot by Connor McDavid.
7:01 of 2nd period - Shot Misses the Net.
7:58 of 2nd period - Shot by Jacob Trouba.
7:58 of 2nd period - Shot Misses the Net.
8:31 of 2nd period - Shot by Tom Kuhnhackl.
8:31 of 2nd period - Stopped by Pavel Francouz without a rebound.
8:32 of 2nd period - Mark Letestu wins face-off versus Tyler Bozak in BANFF WOLVES zone.
8:45 of 2nd period - Shot by Jack Eichel.
8:45 of 2nd period - Shot Misses the Net.
9:37 of 2nd period - Shot by Miles Wood.
9:37 of 2nd period - Stopped by Martin Jones with a rebound.
9:39 of 2nd period - Shot by Tyler Toffoli.
9:39 of 2nd period - Stopped by Martin Jones without a rebound.
9:40 of 2nd period - Leon Draisaitl wins face-off versus Mark Jankowski in ANCHORAGE ACES zone.
10:00 of 2nd period - Shot by Craig Smith.
10:00 of 2nd period - Shot Hit the Post.
10:02 of 2nd period - Shot by Craig Smith.
10:02 of 2nd period - Deflect By Mark Jankowski.
10:02 of 2nd period - Shot Misses the Net.
10:10 of 2nd period - Shot by Craig Smith.
10:10 of 2nd period - Shot Blocked by Deryk Engelland.
10:35 of 2nd period - Shot by Kevan Miller.
10:35 of 2nd period - Stopped by Martin Jones with a rebound.
10:56 of 2nd period - Icing by Chris Kreider.
10:57 of 2nd period - Max McCormick wins face-off versus Leon Draisaitl in ANCHORAGE ACES zone.
10:57 of 2nd period - Max McCormick is hit by Deryk Engelland.
11:02 of 2nd period - Tyler Toffoli is hit by Deryk Engelland and loses puck.
11:49 of 2nd period - Shot by Nathan MacKinnon.
11:49 of 2nd period - Stopped by Pavel Francouz with a rebound.
11:51 of 2nd period - Shot by Nathan MacKinnon.
11:51 of 2nd period - Stopped by Pavel Francouz with a rebound.
11:53 of 2nd period - Shot by Nathan MacKinnon.
11:53 of 2nd period - Stopped by Pavel Francouz without a rebound.
11:54 of 2nd period - Mason Appleton wins face-off versus Mark Jankowski in BANFF WOLVES zone.
12:19 of 2nd period - Shot by Markus Granlund.
12:19 of 2nd period - Stopped by Martin Jones without a rebound.
12:20 of 2nd period - Tyler Bozak wins face-off versus Josh Archibald in ANCHORAGE ACES zone.
12:40 of 2nd period - Joonas Donskoi is hit by Josh Archibald and loses puck.
13:18 of 2nd period - Nathan MacKinnon is hit by Kevan Miller and loses puck.
13:22 of 2nd period - Cal Clutterbuck is hit by Nikita Zaitsev and loses puck.
14:47 of 2nd period - Shot by Leon Draisaitl.
14:47 of 2nd period - Goal by Leon Draisaitl - BANFF WOLVES : 1 - ANCHORAGE ACES : 4.
14:48 of 2nd period - Mark Letestu wins face-off versus Mason Appleton in neutral zone.
15:16 of 2nd period - Jack Eichel is hit by Tom Kuhnhackl and loses puck.
16:01 of 2nd period - Icing by Jakob Silfverberg.
16:02 of 2nd period - Leon Draisaitl wins face-off versus Max McCormick in ANCHORAGE ACES zone.
16:02 of 2nd period - Leon Draisaitl is hit by Max McCormick.
16:08 of 2nd period - Shot by Leon Draisaitl.
16:08 of 2nd period - Shot Misses the Net.
16:26 of 2nd period - Icing by Leon Draisaitl.
16:27 of 2nd period - Mark Jankowski wins face-off versus Leon Draisaitl in ANCHORAGE ACES zone.
16:34 of 2nd period - Shot by Mark Jankowski.
16:34 of 2nd period - Shot Misses the Net.
16:42 of 2nd period - Shot by Craig Smith.
16:42 of 2nd period - Stopped by Martin Jones without a rebound.
16:43 of 2nd period - Max McCormick wins face-off versus Nathan MacKinnon in ANCHORAGE ACES zone.
17:42 of 2nd period - Shot by Tyler Bozak.
17:42 of 2nd period - Shot Misses the Net.
17:44 of 2nd period - Shot by Darnell Nurse.
17:44 of 2nd period - Stopped by Pavel Francouz without a rebound.
17:45 of 2nd period - Leon Draisaitl wins face-off versus Craig Smith in BANFF WOLVES zone.
18:04 of 2nd period - Shot by Leon Draisaitl.
18:04 of 2nd period - Shot Blocked by Nikita Zaitsev.
18:06 of 2nd period - Shot by Leon Draisaitl.
18:06 of 2nd period - Shot Misses the Net.
18:16 of 2nd period - Shot by Ryan Suter.
18:16 of 2nd period - Shot Blocked by Kevan Miller.
18:24 of 2nd period - Shot by Chris Kreider.
18:24 of 2nd period - Shot Blocked by Nikita Zaitsev.
18:56 of 2nd period - Off-side.
18:57 of 2nd period - Jack Eichel wins face-off versus Nathan MacKinnon in neutral zone.
19:12 of 2nd period - Shot by Nathan MacKinnon.
19:12 of 2nd period - Stopped by Pavel Francouz with a rebound.
19:26 of 2nd period - Shot by Mark Letestu.
19:26 of 2nd period - Stopped by Martin Jones without a rebound.
19:27 of 2nd period - Tyler Bozak wins face-off versus Josh Archibald in ANCHORAGE ACES zone.
19:36 of 2nd period - Shot by Tyler Bozak.
19:36 of 2nd period - Stopped by Pavel Francouz without a rebound.
19:37 of 2nd period - Leon Draisaitl wins face-off versus Josh Archibald in BANFF WOLVES zone.
19:48 of 2nd period - Shot by Leon Draisaitl.
19:48 of 2nd period - Shot Misses the Net.
19:54 of 2nd period - Shot by Leon Draisaitl.
19:54 of 2nd period - Stopped by Pavel Francouz with a rebound.
19:56 of 2nd period - Shot by Darnell Nurse.
19:56 of 2nd period - Shot Misses the Net.
Goals for this period are 0 for BANFF WOLVES vs 2 for ANCHORAGE ACES.
Shots for this period are 10 for BANFF WOLVES vs 13 for ANCHORAGE ACES.

3rd period


0:01 of 3rd period - Nathan MacKinnon wins face-off versus Tyler Ennis in neutral zone.
0:24 of 3rd period - Shot by Tyler Ennis.
0:24 of 3rd period - Deflect By Josh Archibald.
0:24 of 3rd period - Stopped by Martin Jones without a rebound.
0:25 of 3rd period - Leon Draisaitl wins face-off versus Max McCormick in ANCHORAGE ACES zone.
0:44 of 3rd period - Shot by Jakob Silfverberg.
0:44 of 3rd period - Stopped by Pavel Francouz with a rebound.
0:52 of 3rd period - Alex Biega is hit by Leon Draisaitl and loses puck.
1:29 of 3rd period - Shot by Mark Letestu.
1:29 of 3rd period - Stopped by Martin Jones without a rebound.
1:30 of 3rd period - Cal Clutterbuck wins face-off versus Mark Jankowski in ANCHORAGE ACES zone.
2:31 of 3rd period - Off-side.
2:32 of 3rd period - Joonas Donskoi wins face-off versus Josh Archibald in neutral zone.
2:37 of 3rd period - Icing by John Hayden.
2:38 of 3rd period - Leon Draisaitl wins face-off versus Josh Archibald in BANFF WOLVES zone.
3:03 of 3rd period - Josh Archibald is hit by Ryan Suter and loses puck.
3:59 of 3rd period - Icing by Alex Biega.
4:00 of 3rd period - Mark Letestu wins face-off versus Nathan MacKinnon in BANFF WOLVES zone.
4:00 of 3rd period - Mark Letestu is hit by Cal Clutterbuck.
4:06 of 3rd period - Shot by Jack Eichel.
4:06 of 3rd period - Goal by Jack Eichel - BANFF WOLVES : 2 - ANCHORAGE ACES : 4.
4:07 of 3rd period - Nathan MacKinnon wins face-off versus Max McCormick in neutral zone.
4:30 of 3rd period - Connor McDavid is hit by Josh Teves and loses puck.
4:36 of 3rd period - Nathan MacKinnon is hit by Josh Teves and loses puck.
4:39 of 3rd period - Shot by Niklas Hjalmarsson.
4:39 of 3rd period - Stopped by Pavel Francouz without a rebound.
4:40 of 3rd period - Mark Letestu wins face-off versus Leon Draisaitl in BANFF WOLVES zone.
5:00 of 3rd period - Leon Draisaitl is hit by Alex Biega.
5:03 of 3rd period - Minor Penalty to Alex Biega for Tripping.
5:04 of 3rd period - Nathan MacKinnon wins face-off versus Markus Granlund in BANFF WOLVES zone.
5:25 of 3rd period - Shot by Nathan MacKinnon.
5:25 of 3rd period - Shot Blocked by Nikita Zaitsev.
5:27 of 3rd period - Shot by Jacob Trouba.
5:27 of 3rd period - Shot Misses the Net.
5:29 of 3rd period - Shot by Nathan MacKinnon.
5:29 of 3rd period - Goal by Nathan MacKinnon - BANFF WOLVES : 2 - ANCHORAGE ACES : 5.
5:30 of 3rd period - Tyler Bozak wins face-off versus Max McCormick in neutral zone.
5:53 of 3rd period - Miles Wood is hit by Nate Thompson and loses puck.
6:44 of 3rd period - Minor Penalty to Darnell Nurse for Cross-checking.
6:45 of 3rd period - Mark Jankowski wins face-off versus Tyler Bozak in ANCHORAGE ACES zone.
6:46 of 3rd period - Shot by Markus Granlund.
6:46 of 3rd period - Shot Misses the Net.
7:50 of 3rd period - Shot by Josh Archibald.
7:50 of 3rd period - Stopped by Martin Jones without a rebound.
7:51 of 3rd period - Tyler Bozak wins face-off versus Mark Jankowski in ANCHORAGE ACES zone.
7:58 of 3rd period - Shot by Mark Jankowski.
7:58 of 3rd period - Stopped by Martin Jones without a rebound.
7:59 of 3rd period - Josh Archibald wins face-off versus Tyler Bozak in ANCHORAGE ACES zone.
8:00 of 3rd period - Shot by Nikita Zaitsev.
8:00 of 3rd period - Shot Misses the Net.
8:02 of 3rd period - Shot by Tyler Toffoli.
8:02 of 3rd period - Goal by Tyler Toffoli - BANFF WOLVES : 3 - ANCHORAGE ACES : 5.
8:03 of 3rd period - Mark Letestu wins face-off versus Nathan MacKinnon in neutral zone.
8:12 of 3rd period - Shot by Mark Letestu.
8:12 of 3rd period - Shot Hit the Post.
8:57 of 3rd period - Off-side.
8:58 of 3rd period - Leon Draisaitl wins face-off versus Mark Jankowski in neutral zone.
9:19 of 3rd period - Shot by Craig Smith.
9:19 of 3rd period - Stopped by Martin Jones with a rebound.
9:21 of 3rd period - Shot by Mark Jankowski.
9:21 of 3rd period - Stopped by Martin Jones without a rebound.
9:22 of 3rd period - Tyler Bozak wins face-off versus Josh Archibald in ANCHORAGE ACES zone.
9:47 of 3rd period - Shot by Tyler Bozak.
9:47 of 3rd period - Stopped by Pavel Francouz without a rebound.
9:48 of 3rd period - Leon Draisaitl wins face-off versus Craig Smith in BANFF WOLVES zone.
10:13 of 3rd period - Shot by Leon Draisaitl.
10:13 of 3rd period - Shot Misses the Net.
10:15 of 3rd period - Shot by Ben Chiarot.
10:15 of 3rd period - Stopped by Pavel Francouz with a rebound.
10:17 of 3rd period - Shot by Chris Kreider.
10:17 of 3rd period - Shot Blocked by Mark Jankowski.
10:19 of 3rd period - Shot by Niklas Hjalmarsson.
10:19 of 3rd period - Stopped by Pavel Francouz without a rebound.
10:20 of 3rd period - Mark Letestu wins face-off versus Nathan MacKinnon in BANFF WOLVES zone.
10:20 of 3rd period - Mark Letestu is hit by Cal Clutterbuck.
10:51 of 3rd period - Icing by Kevan Miller.
10:52 of 3rd period - Leon Draisaitl wins face-off versus Tanner Kero in BANFF WOLVES zone.
11:18 of 3rd period - Icing by Niklas Hjalmarsson.
11:19 of 3rd period - Leon Draisaitl wins face-off versus Josh Archibald in ANCHORAGE ACES zone.
11:19 of 3rd period - Leon Draisaitl is hit by Josh Archibald.
11:29 of 3rd period - Shot by Chris Kreider.
11:29 of 3rd period - Shot Misses the Net.
11:43 of 3rd period - Shot by Leon Draisaitl.
11:43 of 3rd period - Stopped by Pavel Francouz without a rebound.
11:44 of 3rd period - Mark Jankowski wins face-off versus Nathan MacKinnon in BANFF WOLVES zone.
13:31 of 3rd period - Shot by Leon Draisaitl.
13:31 of 3rd period - Shot Misses the Net.
14:19 of 3rd period - Shot by Tyler Bozak.
14:19 of 3rd period - Goal by Tyler Bozak - BANFF WOLVES : 3 - ANCHORAGE ACES : 6.
14:20 of 3rd period - Mason Appleton wins face-off versus Josh Archibald in neutral zone.
14:53 of 3rd period - Icing by Andrew Cogliano.
14:54 of 3rd period - Jack Eichel wins face-off versus Mason Appleton in ANCHORAGE ACES zone.
15:16 of 3rd period - Icing by Andrew Cogliano.
15:17 of 3rd period - Mason Appleton wins face-off versus Mark Jankowski in ANCHORAGE ACES zone.
15:21 of 3rd period - Icing by Ryan Suter.
15:22 of 3rd period - Mark Jankowski wins face-off versus Mason Appleton in ANCHORAGE ACES zone.
15:23 of 3rd period - Shot by Craig Smith.
15:23 of 3rd period - Shot Misses the Net.
16:47 of 3rd period - Kevan Miller is hit by Chris Kreider and loses puck.
17:00 of 3rd period - Shot by Jack Eichel.
17:00 of 3rd period - Stopped by Martin Jones without a rebound.
17:01 of 3rd period - Mark Jankowski wins face-off versus Tyler Bozak in ANCHORAGE ACES zone.
17:01 of 3rd period - Craig Smith is hit by Deryk Engelland and loses puck.
18:11 of 3rd period - Icing by Niklas Hjalmarsson.
18:12 of 3rd period - Nathan MacKinnon wins face-off versus Josh Archibald in ANCHORAGE ACES zone.
18:18 of 3rd period - Shot by John Hayden.
18:18 of 3rd period - Shot Blocked by Niklas Hjalmarsson.
18:20 of 3rd period - Shot by Josh Archibald.
18:20 of 3rd period - Shot Misses the Net.
18:26 of 3rd period - Shot by Tyler Ennis.
18:26 of 3rd period - Stopped by Martin Jones without a rebound.
18:27 of 3rd period - Leon Draisaitl wins face-off versus Max McCormick in ANCHORAGE ACES zone.
19:01 of 3rd period - Shot by Chris Kreider.
19:01 of 3rd period - Stopped by Pavel Francouz with a rebound.
19:18 of 3rd period - Icing by Tyler Toffoli.
19:19 of 3rd period - Max McCormick wins face-off versus Nathan MacKinnon in BANFF WOLVES zone.
19:19 of 3rd period - Max McCormick is hit by Cal Clutterbuck.
19:42 of 3rd period - Minor Penalty to Ben Chiarot for Tripping.
19:43 of 3rd period - Tyler Bozak wins face-off versus Mark Jankowski in ANCHORAGE ACES zone.
Goals for this period are 2 for BANFF WOLVES vs 2 for ANCHORAGE ACES.
Shots for this period are 10 for BANFF WOLVES vs 9 for ANCHORAGE ACES.


DARCY
KUEMPER
JAKE
OETTINGER
NINO
NIEDERREITER

EAST COAST

HOCKEY LEAGUE

  • 1.CHI2QUE4
  • 2.LIM2CHA3
  • 3.LON3TRV5
  • 4.BAL5CHW6
  • 5.MANPIT
  • 6.NHWATL
  • 7.PETWOR
  • 8.RHI